 Dungeon Crawl Stone Soup version 0.31.0-32-g396128a36d (webtiles) character file.

Game seed: 7497683898025305567

6292 jagang the Carver (level 10, -3/77 HPs)
             Began as a Human Monk on Mar 13, 2024.
             Was a High Priest of Okawaru.
             Slain by a yak (8 damage)
             ... on level 9 of the Dungeon.
             The game lasted 00:20:58 (7723 turns).

jagang the Carver (Human Monk)                      Turns: 7723, Time: 00:20:58

Health: -3/77      AC: 14    Str: 12    XL:     10   Next: 94%
Magic:  10/10      EV:  7    Int: 10    God:    Okawaru [*****.]
Gold:   2390       SH:  0    Dex: 23    Spells: 9/9 levels left

rFire   + . .        G - +3 long sword of Liusehin {heavy, rC- rN+ Dex+3}
rCold   . . .        d - orb {light}
rNeg    + . .        v - +0 chain mail
rPois   .            F - +2 helmet {SInv}
rElec   .            P - scarf {rC+ rF+}
rCorr   +            b - +0 pair of gloves
SInv    +            q - +0 pair of boots
Will    .....        (no amulet) Stlth
                     A - +4 ring of slaying
HPRegen 0.32/turn    E - ring of resist corrosion
MPRegen 0.12/turn

%: no passive effects
@: glowing
A: explore regen, wild magic 1
a: Renounce Religion, Heroism, Finesse, Duel


You were on level 9 of the Dungeon.
You worshipped Okawaru.
Okawaru was extremely pleased with you.
You visited 2 branches of the dungeon, and saw 10 of its levels.

You collected 2510 gold pieces.
You spent 120 gold pieces at shops.

Inventory:

Hand Weapons
 n - a +2 short sword of electrocution
 G - the +3 long sword of Liusehin (weapon) {heavy, rC- rN+ Dex+3}
   (You acquired it on level 4 of the Dungeon)

   Dex+3:     It affects your dexterity (+3).
   rC-:       It makes you vulnerable to cold.
   rN+:       It protects you from negative energy.
Missiles
 e - 2 javelins
 l - 16 poisoned darts
 o - 6 silver javelins
 K - 3 boomerangs (quivered)
Armour
 b - a +0 pair of gloves (worn)
 d - an orb of light (worn)
 q - a +0 pair of boots (worn)
 v - a +0 chain mail (worn)
 F - a +2 helmet of see invisible (worn)
 P - a scarf of resistance (worn)
Jewellery
 A - a +4 ring of slaying (left hand)
 E - a ring of resist corrosion (right hand)
 N - a ring of ice
Wands
 r - a wand of flame (11)
 D - a wand of mindburst (10)
 L - a wand of digging (2)
 R - a wand of iceblast (6)
Scrolls
 g - a scroll of amnesia
 m - a scroll of fear
 t - a scroll of torment
 y - a scroll of blinking
 B - a scroll of enchant weapon
 C - a scroll of fog
 H - 2 scrolls of teleportation {unknown}
 I - a scroll of vulnerability {unknown}
 M - a scroll of poison {unknown}
 O - a scroll of enchant armour {unknown}
Potions
 a - 3 potions of magic
 c - a potion of ambrosia
 f - 2 potions of berserk rage
 h - 11 potions of curing
 i - a potion of mutation
 j - 2 potions of degeneration {unknown}
 k - a potion of resistance {unknown}
 p - 5 potions of lignification {unknown}
 s - a potion of cancellation {unknown}
 u - 3 potions of haste {unknown}
 w - 4 potions of attraction {unknown}
 x - 4 potions of enlightenment {unknown}
 z - 2 potions of brilliance {unknown}
 J - 2 potions of experience {unknown}
 Q - a potion of invisibility {unknown}


   Skills:
 * Level 6.5 Fighting
 + Level 13.9 Long Blades
 + Level 4.1 Throwing
 * Level 3.6 Armour
 - Level 3.0 Dodging
 + Level 2.3 Shields


You had 9 spell levels left.
You didn't know any spells.
Your spell library contained the following spells:

 Spells                   Type           Power      Damage    Failure   Level
 Freeze                   Ice            0%         1d3       100%        1
 Ensorcelled Hibernation  Hex/Ice        0%         N/A       100%        2
 Sublimation of Blood     Necr           0%         N/A       100%        2
 Frozen Ramparts          Ice            0%         1d1       100%        3
 Hailstorm                Conj/Ice       0%         3d5       100%        3
 Passwall                 Erth           0%         N/A       100%        3
 Swiftness                Air            0%         N/A       100%        3
 Olgreb's Toxic Radiance  Alch           0%         N/A       100%        4
 Ozocubu's Refrigeration  Ice            0%         4d7       100%        7
 Discord                  Hex            0%         N/A       100%        8
 Call Imp                 Summ           Unusable   N/A       N/A         2
 Summon Hydra             Summ           Unusable   N/A       N/A         7

Dungeon Overview and Level Annotations

Branches:
Dungeon (9/15)             Temple (1/1) D:5
   Lair: D:8-11         Orc: D:9-12

Altars:
Ashenzari
Cheibriados
Dithmenos
Elyvilon
Fedhas
Gozag
Hepliaklqana
Kikubaaqudgha
Makhleb
Nemelex Xobeh
Okawaru
Qazlal
Ru
Sif Muna
Trog
Uskayaw
Vehumet
Wu Jian
Xom
Zin
The Shining One

Shops:
D:4 [   D:7 (   D:9 (([


Innate Abilities, Weirdness & Mutations

You regain HP and MP as you explore.
Your spells are a little harder to cast, but a little more powerful.


Message History

Okawaru accepts your kill. The yak gores you!
* * * LOW HITPOINT WARNING * * *
The yak barely misses you.
You hit the yak.
The yak is severely wounded.
The yak gores you but does no damage. The yak barely misses you. x2
Unknown command.
You slash the yak!
The yak is almost dead.
The yak gores you!
* * * LOW HITPOINT WARNING * * *
The yak gores you but does no damage. The yak gores you.
* * * LOW HITPOINT WARNING * * *
Blink to where?
Press: ? - help, Dir - move target, p - yak
As you read the scroll of blinking, it crumbles to dust.
You are too injured to fight recklessly!
Throw: 3 boomerangs
Press: ? - help, Q - select action, (/) - cycle Shift-Dir - straight line, f - yak
Aim: a yak (translocational energy, almost dead, 78% to hit)
You throw a boomerang. The boomerang barely misses the yak.
You are confused.
You feel invigorated.
The yak snorts and paws the ground.
You feel less invigorated.
You feel less confused.
You hit the yak but do no damage. The yak barely misses you.
You slash the yak!
You kill the yak!
Okawaru accepts your kill. The yak gores you!
* * * LOW HITPOINT WARNING * * *
The yak gores you but does no damage.
You slice the yak!!
The yak is severely wounded.
The yak gores you.
* * * LOW HITPOINT WARNING * * *
The yak gores you!
You die...

#†..# #...# #...# ###
#####...# ##.#####
##.......# ##..#..⌠#
#........# ##...#.<.#
#........# ##.8..#∩..#
##.YY....# ......######
#..@....# .....∩.....#
##......# #####.....##
##.....# #..∩#..8.##
###...# #.>.#...## ####..#
#⌠..#..## #####.....##
#####..#####.......#..###
#..>....†.....#######...##
.........###### ##...#


You could see 2 yaks.

Vanquished Creatures
  A deep elf pyromancer (D:8)
  Maggie (D:6)
  A troll (D:7)
  A hornet (D:9)
  5 slime creatures (D:9)
  4 yaks (D:9)
  A vampire (D:9)
  Grum (D:8)
  5 humans
  A steam dragon (D:7)
  3 water moccasins
  A sky beast (D:7)
  A black bear (D:5)
  2 orc warriors
  An ice beast (D:7)
  2 wolves (D:8)
  A phantom (D:5)
  2 centaurs
  A scorpion (D:6)
  2 bullfrogs
  8 wights
  4 killer bees (D:8)
  2 hounds
  A jelly (D:5)
  2 orc priests
  A gnoll bouda (D:7)
  A sleepcap (D:5)
  Jessica (D:2)
  Natasha (thrice) (D:2)
  2 iguanas (D:6)
  4 orc wizards
  11 gnolls
  11 adders
  A white imp (D:7)
  3 ufetubi
  A dart slug (D:5)
  2 ribbon worms
  15 orcs
  6 ball pythons
  3 bats
  3 endoplasms
  2 giant cockroaches
  3 goblins
  2 hobgoblins (D:2)
  6 jackals
  3 quokkas
  2 frilled lizards (D:3)
  5 kobolds
  3 rats
148 creatures vanquished.

Notes
Turn   | Place    | Note
-------+----------+-------------------------------------------
     0 | D:1      | jagang the Human Monk began the quest for the Orb.
     0 | D:1      | Reached XP level 1. HP: 18/18 MP: 1/1
   480 | D:1      | Reached XP level 2. HP: 24/24 MP: 2/2
  1011 | D:2      | Reached XP level 3. HP: 15/29 MP: 3/3
  1173 | D:2      | Noticed Natasha
  1192 | D:2      | Killed Natasha
  1193 | D:2      | Reached skill level 4 in Long Blades
  1193 | D:2      | Reached skill level 1 in Throwing
  1193 | D:2      | Reached XP level 4. HP: 4/36 MP: 4/4
  1482 | D:2      | Noticed Jessica
  1484 | D:2      | Noticed Natasha
  1493 | D:2      | Killed Jessica
  1507 | D:2      | Killed Natasha
  1508 | D:2      | Reached XP level 5. HP: 26/42 MP: 5/5
  1777 | D:2      | Noticed Natasha
  1785 | D:2      | Killed Natasha
  2175 | D:3      | Reached skill level 5 in Long Blades
  2573 | D:4      | Reached XP level 6. HP: 48/48 MP: 6/6
  2627 | D:4      | Found a shimmering blue altar of Sif Muna.
  2698 | D:4      | Found a hide-covered altar of Uskayaw.
  2828 | D:4      | Reached skill level 6 in Long Blades
  2926 | D:4      | Reached XP level 7. HP: 55/55 MP: 7/7
  2962 | D:4      | Identified 2 scrolls of acquirement
  3066 | D:4      | Found Xydgh's Antique Armour Shop.
  3074 | D:4      | Reached skill level 5 in Fighting
  3221 | D:4      | Acquired the +3 long sword of Liusehin {heavy, rC- rN+
                  | Dex+3}
  3224 | D:4      | Acquired 1170 gold pieces
  3226 | D:4      | Bought a glowing helmet for 120 gold pieces
  3239 | D:5      | Entered Level 5 of the Dungeon
  3334 | D:5      | Found a staircase to the Ecumenical Temple.
  3347 | Temple   | Entered the Ecumenical Temple
  3359 | Temple   | Became a worshipper of Warmaster Okawaru
  3359 | Temple   | Reached * piety under Okawaru
  3359 | Temple   | Reached ** piety under Okawaru
  3462 | D:5      | Reached skill level 7 in Long Blades
  3731 | D:5      | Found a glowing golden altar of the Shining One.
  3907 | D:6      | Reached XP level 8. HP: 62/62 MP: 8/8
  3914 | D:6      | Reached skill level 8 in Long Blades
  4147 | D:6      | Noticed Maggie
  4155 | D:6      | Killed Maggie
  4156 | D:6      | Reached skill level 9 in Long Blades
  4648 | D:6      | Reached *** piety under Okawaru
  4656 | D:6      | Reached skill level 10 in Long Blades
  4828 | D:7      | Reached XP level 9. HP: 60/68 MP: 9/9
  4835 | D:7      | Reached skill level 11 in Long Blades
  4963 | D:7      | Found Oges's Weapon Shop.
  4969 | D:7      | Reached **** piety under Okawaru
  4972 | D:7      | Acquired 851 gold pieces
  5013 | D:7      | Noticed a troll
  5019 | D:7      | Killed a troll
  5020 | D:7      | Reached skill level 12 in Long Blades
  5390 | D:7      | Found a hazy altar of Hepliaklqana.
  5433 | D:7      | Reached skill level 13 in Long Blades
  5658 | D:8      | Noticed Grum
  5664 | D:8      | Reached XP level 10. HP: 67/74 MP: 10/10
  5667 | D:8      | Killed Grum
  5668 | D:8      | Found a shimmering altar of Xom.
  5916 | D:8      | Noticed a deep elf pyromancer
  5923 | D:8      | Killed a deep elf pyromancer
  6013 | D:8      | Found a snail-covered altar of Cheibriados.
  6016 | D:8      | Found a radiant altar of Vehumet.
  6935 | D:9      | Reached skill level 1 in Armour
  7015 | D:9      | Reached ***** piety under Okawaru
  7016 | D:9      | Reached skill level 1 in Shields
  7186 | D:9      | Gained mutation: Your spells are a little harder to cast,
                  | but a little more powerful. [potion of mutation]
  7480 | D:9      | Found Cetwakk's Antique Weapon Emporium.
  7482 | D:9      | Found Tickis's Antique Weapon Emporium.
  7484 | D:9      | Found Jugif's Antique Armour Emporium.
  7500 | D:9      | Paralysed by a hornet for 2 turns
  7714 | D:9      | HP: 3/77 [yak (9)]
  7723 | D:9      | Slain by a yak

Illustrated notes

Levels and vault maps discovered:
D:1:      tarquinn_simple_flora_water_b, layout_basic,
          dreamdust_princess_corridor, minmay_misc_feat_room, minmay_quantized
D:2:      layout_basic, uniq_jessica, uniq_natasha
D:3:      layout_basic, dk_vineyard_3, nicolae_half_adder
D:4:      layout_rooms, led_sif_book, mainiacjoe_overflow_alcove_2,
          serial_shops, shop
D:5:      layout_rooms, mainiacjoe_overflow_alcove_4,
          minmay_temple_entry_arrows, minivault_14, nicolae_titane
D:6:      layout_loops_ring, grunt_ministairs_4, uniq_maggie
D:7:      layout_rooms, marbit_many_paths, serial_shops,
          nicolae_shop_bloodbath_and_beyond, minmay_ruffians
D:8:      layout_basic, lemuel_tele_altar, nicolae_overflow_hidden_temple,
          guppyfry_early_elven_hall, uniq_grum
D:9:      layout_cave_pods, lemuel_doored_altar,
          nicolae_shop_distant_corner_stores, water_boxes_lemuel
Temple:   minmay_temple_curvy_branch

Skill      XL: |  1  2  3  4  5  6  7  8  9 10 |
---------------+-------------------------------+-----
Long Blades    | 4 5 6 7 10 13 | 13.9
Throwing       | 1 2 4 |  4.1
Fighting       | 4 5 6 |  6.5
Armour         | 3 |  3.6
Shields        | 2 |  2.3
Dodging        | |  3.0

Action                     |  1- 3 |  4- 6 |  7- 9 | 10-12 || total
---------------------------+-------+-------+-------+-------++-------
  Melee: Falchion          |    28 |       |       |       ||    28
         Short sword       |    34 |    91 |     6 |       ||   131
         Long sword        |       |       |    98 |    75 ||   173
  Throw: Dart              |       |     2 |     1 |       ||     3
         Boomerang         |       |       |    26 |    26 ||    52
  Evoke: Wand              |       |    11 |       |       ||    11
    Use: Scroll            |       |     6 |     7 |     2 ||    15
         Potion            |       |       |       |     2 ||     2
 Armour: Leather armour    |    31 |    16 |       |       ||    47
         Robe              |     1 |       |       |       ||     1
         Scale mail        |    24 |    16 |       |       ||    40
         Chain mail        |       |    35 |   112 |    81 ||   228
  Dodge: Dodged            |    47 |    30 |    32 |    35 ||   144
